 Dungeon Crawl Stone Soup version 0.26.1-2-gb8aa6d0cf2 (webtiles) character file.

Game seed: 12707813808025065003

2327 Ladykiller69 the Cleaver (level 9, -7/79 HPs)
             Began as a Hill Orc Fighter on Mar 27, 2021.
             Was a Believer of Wu Jian.
             Mangled by a vampire (9 damage)
             ... on level 8 of the Dungeon.
             The game lasted 00:21:07 (8174 turns).

Ladykiller69 the Cleaver (Hill Orc Fighter)         Turns: 8174, Time: 00:21:08

Health: -7/79      AC: 13    Str: 22    XL:     9   Next: 42%
Magic:  9/9        EV:  8    Int:  8    God:    Wu Jian [**....]
Gold:   373        SH: 10    Dex: 10    Spells: 8/8 levels left

rFire    . . .     SeeInvis .   a - +1 war axe
rCold    . . .     Faith    .   c - +0 kite shield
rNeg     . . .     Spirit   .   d - +3 scale mail {Will+}
rPois    .         Reflect  .   J - +0 helmet
rElec    .         Harm     .   (no cloak)
rCorr    .         Rampage  .   v - +0 pair of gloves
Will     +....                  (no boots)
Stlth    ..........             (no amulet)
HPRegen  0.23/turn              (no ring)
MPRegen  0.11/turn              (no ring)

@: no status effects
A: no striking features
a: Renounce Religion, Wall Jump


You were on level 8 of the Dungeon.
You worshipped Wu Jian.
Wu Jian was pleased with you.
You visited 2 branches of the dungeon, and saw 9 of its levels.
You also visited: Ossuary.

You collected 373 gold pieces.

Inventory:

Hand Weapons
 a - a +1 war axe (weapon)
Missiles
 p - 5 javelins (quivered)
Armour
 b - a +0 scale mail
 c - a +0 kite shield (worn)
 d - a +3 scale mail of willpower (worn)
 j - a +0 buckler
 v - a +0 pair of gloves (worn)
 z - a +0 plate armour
 J - a +0 helmet (worn)
Jewellery
 k - an uncursed amulet of guardian spirit {unknown}
 m - a cursed ring of teleportation {unknown}
 n - a +4 ring of evasion {unknown}
 r - an uncursed ring of magical power {unknown}
 u - an uncursed ring of protection from fire {unknown}
 H - an uncursed amulet of guardian spirit {unknown}
Wands
 x - a wand of flame (37)
Scrolls
 e - 5 scrolls of remove curse {unknown}
 f - 5 scrolls of identify {unknown}
 i - a scroll of noise {unknown}
 l - 2 scrolls of fear {unknown}
 o - 2 scrolls of blinking {unknown}
 q - 2 scrolls of teleportation {unknown}
 t - 2 scrolls of enchant weapon
 y - a scroll of immolation {unknown}
 C - 2 scrolls of magic mapping {unknown}
 I - a scroll of fog {unknown}
Potions
 g - 2 potions of cancellation {unknown}
 h - 2 potions of attraction {unknown}
 s - 5 potions of heal wounds {unknown}
 w - a potion of lignification {unknown}
 A - 2 potions of degeneration {unknown}
 B - 2 potions of resistance {unknown}
 D - 3 potions of curing
 E - a potion of might
 F - a potion of invisibility {unknown}
 G - a potion of magic {unknown}


   Skills:
 + Level 7.6 Fighting
 * Level 10.4 Axes
 + Level 6.8 Armour
 + Level 6.8 Shields


You had 8 spell levels left.
You didn't know any spells.
Your spell library contained the following spells:

 Spells                   Type           Power        Failure   Level
 Beastly Appendage        Tmut           0%           96%         1
 Wereblood                Tmut           0%           99%         2
 Spider Form              Tmut/Pois      0%           100%        3
 Ice Form                 Ice/Tmut       0%           100%        4
 Blade Hands              Tmut           0%           100%        5


Dungeon Overview and Level Annotations

Branches:
Dungeon (8/15)             Temple (1/1) D:4         Ossuary (visited)
   Lair: D:8-11

Altars:
Elyvilon
Hepliaklqana
Kikubaaqudgha
Makhleb
Qazlal
Ru
Trog
Uskayaw
Vehumet
Wu Jian
The Shining One

Annotations:
D:4 1 runed translucent door, dohliylev's ghost, amateur TrWr
D:5 6 runed translucent doors, Crazy Yiuf


Message History

You block the vampire's attack. x2
You slash the vampire!
The vampire is severely damaged.
The vampire closely misses you. The vampire bites you.
* * * LOW HITPOINT WARNING * * *
The vampire draws strength from your injuries!
Your shield and scale mail prevent you from hitting the vampire.
The vampire is severely damaged.
The vampire points at itself and mumbles some strange words.
The vampire flickers and vanishes!
Deactivating autopickup; reactivate with Ctrl-A.
You completely miss something.
Unholy energy fills the air.
* * * LOW HITPOINT WARNING * * *
It was a potion of curing.
You feel better. You block something's attack.
Something bites you but does no damage.
Okay, then.
You slash something! Something hits you!
* * * LOW HITPOINT WARNING * * *
Something bites you!
You die...

#..............#
#..............#
#..............#
#..............#
#..$...........#
#..............#
#.......)......#
#.(<.((...{@...#
#######.))..####
..........#
###..........
#............
#.............
#..)..........
#.............
#............#


There were no monsters in sight!

Vanquished Creatures
  Pikel (D:5)
  Edmund (D:5)
  An orc warrior (D:6)
  2 ogres
  2 centaurs
  Blork the orc (D:5)
  2 elf skeletons (D:7)
  2 bullfrogs
  A water moccasin zombie (Ossuary)
  A scorpion (D:6)
  A bullfrog zombie (D:5)
  2 jellies (D:7)
  A human zombie (D:7)
  2 orc priests
  3 iguanas
  6 orc wizards
  2 human skeletons (D:7)
  4 worker ants
  2 big kobold zombies (Ossuary)
  2 mummies (Ossuary)
  Robin (D:2)
  3 gnolls (D:6)
  3 adders
  A white imp (D:6)
  An ooze (D:2)
  6 adder zombies
  3 worms
  4 dart slugs
  3 leopard geckos
  26 orcs
  A ball python (D:1)
  3 giant cockroaches
  2 gnoll zombies (Ossuary)
  21 goblins
  7 hobgoblins
  3 jackals (D:7)
  9 kobolds
  2 quokkas (D:3)
  11 bats
  9 frilled lizards
  6 hobgoblin zombies (Ossuary)
  5 kobold zombies (Ossuary)
  A leopard gecko zombie (D:6)
  8 orc zombies
  A quokka skeleton (D:8)
  3 rats
182 creatures vanquished.

Notes
Turn   | Place    | Note
-------+----------+-------------------------------------------
     0 | D:1      | Ladykiller69 the Hill Orc Fighter began the quest for the
                  | Orb.
     0 | D:1      | Reached XP level 1. HP: 19/19 MP: 1/1
    48 | D:1      | Reached skill level 3 in Axes
   224 | D:1      | Reached XP level 2. HP: 21/27 MP: 2/2
   504 | D:1      | Reached XP level 3. HP: 33/33 MP: 3/3
   511 | D:1      | You fall into a shaft and drop 1 floor!
   780 | D:2      | Noticed Robin
   977 | D:2      | Reached skill level 4 in Axes
  1123 | D:2      | Killed Robin
  1124 | D:2      | Reached XP level 4. HP: 24/40 MP: 4/4
  2247 | D:3      | You fall into a shaft and drop 1 floor!
  2604 | D:3      | Found a faded altar of an unknown god.
  2691 | D:3      | Reached XP level 5. HP: 18/47 MP: 5/5
  2892 | D:3      | Found a hide-covered altar of Uskayaw.
  3256 | D:3      | Reached skill level 5 in Axes
  3545 | D:4      | Found a runed translucent door.
  3547 | D:4      | Noticed dohliylev's ghost (amateur TrWr)
  3597 | D:4      | Found a staircase to the Ecumenical Temple.
  3652 | Temple   | Entered the Ecumenical Temple
  3661 | Temple   | Became a worshipper of the Wu Jian Council
  4092 | D:4      | Reached XP level 6. HP: 53/53 MP: 6/6
  4282 | D:5      | Entered Level 5 of the Dungeon
  4388 | D:5      | Noticed Blork the orc
  4394 | D:5      | Killed Blork the orc
  4395 | D:5      | Reached skill level 5 in Fighting
  4498 | D:5      | Noticed Edmund
  4526 | D:5      | Noticed Pikel
  4680 | D:5      | Found a runed translucent door.
  4680 | D:5      | Noticed a water moccasin
  4680 | D:5      | Noticed a water moccasin
  4680 | D:5      | Noticed a water moccasin
  4682 | D:5      | Found a runed translucent gate.
  4682 | D:5      | Found a runed translucent gate.
  4682 | D:5      | Noticed a soldier ant
  4682 | D:5      | Noticed a water moccasin
  4691 | D:5      | Found a runed translucent door.
  4693 | D:5      | Found the +9 staff of Olgreb {rPois∞}
  4809 | D:5      | Killed Pikel
  4810 | D:5      | Reached skill level 7 in Axes
  4810 | D:5      | Reached skill level 5 in Armour
  4810 | D:5      | Reached skill level 5 in Shields
  4810 | D:5      | Reached XP level 7. HP: 36/62 MP: 7/7
  4827 | D:5      | Killed Edmund
  4828 | D:5      | Reached XP level 8. HP: 41/70 MP: 8/8
  5040 | D:5      | Found a runed translucent gate.
  5202 | D:5      | Found a runed translucent door.
  5203 | D:5      | Noticed Crazy Yiuf
  5720 | D:6      | Reached skill level 8 in Axes
  6875 | D:7      | Reached skill level 9 in Axes
  6971 | D:7      | Found a sand-covered staircase.
  6986 | Ossuary  | Entered an ossuary
  7116 | Ossuary  | Reached * piety under Wu Jian
  7226 | Ossuary  | Reached XP level 9. HP: 77/79 MP: 9/9
  7561 | D:7      | Reached skill level 10 in Axes
  7823 | D:7      | Reached ** piety under Wu Jian
  8172 | D:8      | HP: 3/79 [something/vampiric draining (9)]
  8174 | D:8      | Mangled by a vampire

Illustrated notes

Levels and vault maps discovered:
D:1:      evilmike_arrival_crescent, layout_rooms
D:2:      layout_basic, uniq_robin
D:3:      layout_loops_ring, overflow_temple_1_default,
          chequers_ecumenical_altar_grove
D:4:      layout_loops_cross, minmay_temple_entry_fiery, ebering_ghost_sewer_d
D:5:      layout_basic, chequers_serial_rivers_micro_d,
          minmay_guarded_unrand_staff_of_olgreb, uniq_blork_the_orc,
          uniq_crazy_yiuf_cottage, uniq_pikel, uniq_edmund
D:6:      layout_loops_ring
D:7:      layout_basic, nicolae_ossuary_entry_catacombs,
          corexii_leaking_fountain
D:8:      layout_basic
Temple:   compressed_dpeg_triangle_lava_temple

Skill      XL: |  1  2  3  4  5  6  7  8  9 |
---------------+----------------------------+-----
Axes           | 3 4 5 7 9 10 | 10.4
Fighting       | 4 5 6 7 |  7.6
Shields        | 4 5 6 |  6.8
Armour         | 4 5 6 |  6.8

Action                   |  1- 3 |  4- 6 |  7- 9 || total
-------------------------+-------+-------+-------++-------
Melee: War axe           |   112 |   159 |   369 ||   640
Invok: Lunge             |       |     2 |    24 ||    26
       Whirlwind         |       |       |    10 ||    10
Evoke: Wand              |       |       |     1 ||     1
  Use: Potion            |       |     1 |     1 ||     2
       Scroll            |       |       |     1 ||     1
Armor: Scale mail        |    54 |    51 |    99 ||   204
Dodge: Dodged            |    44 |    49 |    86 ||   179
Block: Kite shield       |    75 |    81 |   166 ||   322
